 Dungeon Crawl Stone Soup version 0.13-a0-1553-g7307ddf (webtiles) character file.

453 Impy the Ruffian (level 6, -2/50 HPs)
             Began as a Gargoyle Monk on June 10, 2013.
             Slain by Menkaure (16 damage)
             ... on Level 4 of the Dungeon.
             The game lasted 00:09:57 (3177 turns).

Impy the Ruffian (Gargoyle Monk)                    Turns: 3177, Time: 00:09:57

HP  -2/50        AC  6     Str 14      XL: 6   Next: 40%
MP   5/5         EV 12     Int 12      God:
Gold 146         SH  0     Dex 10 (12) Spells:  0 memorised,  5 levels left

Res.Fire  : . . .   See Invis. : .     - Unarmed
Res.Cold  : + . .   Warding    : +   l - +0 leather armour (curse)
Life Prot.: + + .   Conserve   : .   (no shield)
Res.Poison: .       Res.Corr.  : .   c - +2 horned helmet (curse)
Res.Elec. : .       Clarity    : .   (no cloak)
Sust.Abil.: . .     Spirit.Shd : .   (no gloves)
Res.Mut.  : .       Stasis     : .   (no boots)
Res.Rott. : .       Flight     : .   k - cursed amulet of warding
Saprovore : . . .                    (no ring)
                                     (no ring)

@: slightly resistant to hostile enchantments, unstealthy
A: fangs 1, talons 2, cold resistance 1, life protection 1, slow metabolism 1,
petrification resistance, trample resistance
a: no special abilities


You were on level 4 of the Dungeon.
You were not hungry.

You visited 1 branch of the dungeon, and saw 4 of its levels.

You collected 146 gold pieces.

Inventory:

Armour
 a - a +0 robe
 c - a cursed +2 horned helmet (worn)
 l - a cursed +0 leather armour (worn)
Magical devices
 q - a wand of random effects (15) {unknown}
Comestibles
 b - a bread ration
 d - 2 pears
 h - a choko
Scrolls
 e - 2 scrolls of blinking
 f - 2 scrolls of enchant armour {unknown}
 g - a scroll of curse armour
 j - 3 scrolls of identify
 m - a scroll of teleportation
 n - a scroll of amnesia {unknown}
 o - a scroll of enchant weapon I
Jewellery
 k - a cursed amulet of warding (around neck)
Potions
 i - a potion of curing


   Skills:
 - Level 3.2 Fighting
 + Level 4.9 Dodging
 - Level 2.1 Stealth
 + Level 6.5 Unarmed Combat


You had 5 spell levels left.
You didn't know any spells.

Dungeon Overview and Level Annotations

Branches:
Dungeon (4/27)
 Temple: D:4-7

Altars:
Ashenzari
Xom

Annotations
D:3 Crazy Yiuf
D:4 Menkaure


Innate Abilities, Weirdness & Mutations

You have very sharp teeth.
You have razor-sharp toenails.
Your flesh is cold resistant.
You resist negative energy.
You have a slow metabolism.
You are immune to petrification.
You are resistant to trampling.


Message History

Menkaure calls on the powers of darkness!
Your body is wracked with pain!
You can move again.
Drink which item? (? for menu, Esc to quit)
There was something very wrong with that liquid!
You feel clumsy.
It was a potion of degeneration.
Drink which item? (? for menu, Esc to quit)
Okay, then.
Menkaure misses you.
You hit Menkaure. You claw Menkaure, but do no damage.
Menkaure is lightly damaged.
Menkaure hits you!
* * * LOW HITPOINT WARNING * * *
You hit Menkaure.
Menkaure is moderately damaged.
You hit Menkaure but do no damage. You bite Menkaure, but do no damage.
Menkaure is moderately damaged.
Menkaure hits you!
You die...

#..##....#######..#
#..#####.# #..# #..# #.#
#..###### #..# #.#
#........ #..# #.#
#........ #.# #........
#.# #....####
#..#####.#######....#
#.....M@.........?..#
#...................####
#.......................
#?.######...............
#. .#####.......## .#
#.......## .# #.........
. ...........
###########


You could see Menkaure.

Vanquished Creatures
  The ghost of Kae the Insei, an average DrTm (D:3)
  2 iguanas (D:4)
  A scorpion (D:4)
  A worker ant (D:3)
  A gnoll (D:3)
  3 adders
  A worm (D:2)
  2 giant geckos
  8 orcs (D:4)
  A ball python (D:4)
  15 hobgoblins
  A quokka (D:3)
  7 bats
  2 giant newts
  5 goblins
  7 kobolds
  8 rats
66 creatures vanquished.

Notes
Turn   | Place    | Note
--------------------------------------------------------------
     0 | D:1      | Impy, the Gargoyle Monk, began the quest for the Orb.
     0 | D:1      | Reached XP level 1. HP: 17/17 MP: 0/0
   543 | D:1      | Reached XP level 2. HP: 19/24 MP: 1/1
  1177 | D:2      | Reached XP level 3. HP: 30/30 MP: 2/2
  1181 | D:2      | Found a shattered altar of Ashenzari.
  1186 | D:2      | Saw a vision of the Shoals and the Spider Nest.
  1186 | D:2      | Noticed a redback
  1186 | D:2      | Noticed a redback
  1186 | D:2      | Noticed a merfolk
  1186 | D:2      | Noticed a sea snake
  1186 | D:2      | Noticed a sea snake
  1186 | D:2      | Noticed a merfolk
  1186 | D:2      | Noticed a mermaid
  1186 | D:2      | Noticed a merfolk
  1186 | D:2      | Noticed a hippogriff
  1186 | D:2      | Noticed a centaur
  1240 | D:2      | Reached skill level 5 in Unarmed Combat
  1503 | D:2      | Reached XP level 4. HP: 32/37 MP: 3/3
  1810 | D:3      | Noticed Kae's ghost (average DrTm)
  1840 | D:3      | Killed Kae's ghost
  1840 | D:3      | Reached XP level 5. HP: 21/44 MP: 4/4
  2036 | D:3      | Reached skill level 6 in Unarmed Combat
  2210 | D:3      | Noticed Crazy Yiuf
  2344 | D:4      | Reached XP level 6. HP: 32/50 MP: 5/5
  2528 | D:4      | Found a shimmering altar of Xom.
  3167 | D:4      | Noticed Menkaure
  3168 | D:4      | Paralysed by a potion of paralysis for 3 turns
  3177 | D:4      | Slain by Menkaure

Action                   |  1- 3 |  4- 6 || total
-------------------------+-------+-------++-------
Melee: Unarmed           |   100 |   147 ||   247
  Use: Scroll            |       |     9 ||     9
       Potion            |       |     6 ||     6
 Stab: Sleeping          |     2 |     1 ||     3
